 Dungeon Crawl Stone Soup version 0.21-a0-135-g8dc100c (webtiles) character file.

140 Jeffwins the Poker (level 5, -4/54 HPs)
             Began as an Ogre Monk on July 18, 2017.
             Killed from afar by an orc wizard (11 damage)
             ... with a magic dart
             ... on level 2 of the Dungeon.
             The game lasted 00:05:08 (2838 turns).

Jeffwins the Poker (Ogre Monk)                      Turns: 2838, Time: 00:05:09

Health: -4/54      AC:  5    Str: 13    XL:     5   Next: 23%
Magic:  5/5        EV: 10    Int: 17    God:
Gold:   107        SH:  0    Dex: 11    Spells: 4/4 levels left

rFire    . . .     SeeInvis .   a - +0 spear
rCold    . . .     Gourm    +   (no shield)
rNeg     . . .     Faith    .   b - +0 robe
rPois    .         Spirit   .   (helmet restricted)
rElec    .         Reflect  .   (no cloak)
rCorr    .         Harm     .   (gloves unavailable)
MR       .....                  (boots unavailable)
Stlth    ++........             k - amulet of the gourmand
HPRegen  0.18/turn              s - ring of wizardry
MPRegen  0.09/turn              (no ring)

@: brilliant, berserk cooldown, hasted and slowed, drained
A: unfitting armour, talons 1, iridescent scales 1, tough skin 1, weak 1, sturdy
frame 1
a: no special abilities


You were on level 2 of the Dungeon.
You were not hungry.

You visited 1 branch of the dungeon, and saw 3 of its levels.

You collected 107 gold pieces.

Inventory:

Hand Weapons
 a - a +0 spear (weapon)
 f - a +2 antimagic short sword
 j - a +1 dagger of holy wrath
Armour
 b - a +0 robe (worn)
Jewellery
 k - an amulet of the gourmand (around neck)
 s - a ring of wizardry (left hand)
Scrolls
 d - 2 scrolls of enchant armour {unknown}
 e - 3 scrolls of identify {unknown}
 g - a scroll of blinking {unknown}
 i - a scroll of noise {unknown}
 l - a scroll of amnesia {unknown}
 m - a scroll of magic mapping {unknown}
 q - a scroll of fear {unknown}
Comestibles
 c - 2 bread rations
 h - a royal jelly


   Skills:
 - Level 4.0(3.7) Fighting
 * Level 5.7(5.4) Polearms
 - Level 2.6(2.4) Dodging
 - Level 1.4(1.1) Stealth


You had 4 spell levels left.
You didn't know any spells.

Dungeon Overview and Level Annotations

Branches:
Dungeon (3/15)

Altars:


Innate Abilities, Weirdness & Mutations

You are too large for most types of armour.
You have tough skin. (AC +1)
You have sharp toenails.
You are partially covered in iridescent scales. (AC +2)
You are weak. (Str -2)
Your movements are slightly less encumbered by armour. (ER -2)


Message History

The orc wizard is lightly wounded.
The orc wizard barely misses you.
You hit the orc wizard.
The orc wizard is heavily wounded.
You hit the orc wizard but do no damage.
Your kick misses the orc wizard.
The orc wizard is heavily wounded.
The orc wizard hits you with a dagger.
* * * LOW HITPOINT WARNING * * *
You closely miss the orc wizard. Your kick misses the orc wizard.
The orc wizard is heavily wounded.
The orc wizard hits you but does no damage.
You barely miss the orc wizard.
The orc wizard is heavily wounded.
The orc wizard hits you but does no damage.
You completely miss the orc wizard.
The orc wizard is heavily wounded.
The orc wizard points at you and mumbles some strange words.
The magic dart hits you!
You die...

#.#.[.[.#.#..............#....
####.###†###.#..............#....
.....(.......##.............#....
###...####.####.............#####
########.#...##'####...#### ####
#....#...##.# #...# ...#
#.####...##.# #...# ...####.#
#...##.# #...# # ...#....#
#>..o@.# #...# # ...#.####
#...#### ##...## # <..'.# #...#
#.....# ####
...#########...######)....# #...
...+.........#.#.)())†....# #.##
...#...........#.#####....# #.##
...#.#######.###.# #....# #.##
...#.##....#.# #.# #....####.##
...#.....#.#.# #.# ####.#....##


You could see an orc wizard.

Vanquished Creatures
  Terence (D:2)
  Robin (D:2)
  An adder (D:2)
  2 oozes
  2 worms (D:2)
  2 dart slugs
  2 leopard geckos (D:2)
  An orc (D:3)
  7 bats
  2 giant cockroaches (D:1)
  17 goblins
  5 hobgoblins
  6 jackals (D:2)
  6 kobolds
  A quokka (D:3)
  2 ball pythons
  5 frilled lizards
  8 rats
71 creatures vanquished.

Notes
Turn   | Place    | Note
-------+----------+-------------------------------------------
     0 | D:1      | Jeffwins the Ogre Monk began the quest for the Orb.
     0 | D:1      | Reached XP level 1. HP: 24/24 MP: 1/1
   101 | D:1      | Reached XP level 2. HP: 31/32 MP: 2/2
   524 | D:1      | Reached skill level 4 in Polearms
   640 | D:2      | Reached XP level 3. HP: 34/39 MP: 3/3
   855 | D:2      | Noticed Terence
   981 | D:2      | Killed Terence
   981 | D:2      | Reached XP level 4. HP: 18/48 MP: 4/4
  1319 | D:2      | Reached skill level 5 in Polearms
  1441 | D:2      | HP: 1/48 [worm (10)]
  1777 | D:2      | Noticed Robin
  1791 | D:2      | Killed Robin
  1832 | D:2      | Reached XP level 5. HP: 21/54 MP: 5/5
  2827 | D:2      | Gained mutation: You are partially covered in iridescent scales. (AC +2) [potion of mutation]
  2827 | D:2      | Gained mutation: You are weak. (Str -2) [potion of mutation]
  2827 | D:2      | Gained mutation: Your movements are slightly less encumbered by armour. (ER -2) [potion of mutation]
  2827 | D:2      | Gained mutation: You have sharp toenails. [potion of mutation]
  2838 | D:2      | Killed from afar by an orc wizard

Vault maps used:
D:1:      minmay_arrival_semitransparent
D:2:      minmay_split_cup_large, uniq_terence, uniq_robin
D:3:      uniq_sigmund

Skill      XL: |  1  2  3  4 |
---------------+-------------+-----
Polearms       | 4 5 |  5.7
Fighting       | |  4.0
Dodging        | |  2.6
Stealth        | |  1.4

Action                   |  1- 3 |  4- 6 || total
-------------------------+-------+-------++-------
Melee: Spear             |   116 |   211 ||   327
       Dagger            |     1 |       ||     1
  Use: Potion            |       |     6 ||     6
 Stab: Sleeping          |     6 |       ||     6
  Eat: Chunk             |       |     6 ||     6
Armor: Robe              |    16 |    35 ||    51
Dodge: Dodged            |    40 |    89 ||   129
